AoeStats
← M@nqu!to

Arena

505700217Analyzed
1v1 RM · 20d ago on Sep 10, 2026· 33m 17s· 2 players
Game mode
Random Map
Map size
Tiny (2 player)
Population
200
Speed
Normal
Resources
Standard
Victory
Conquest
Starting age
Dark Age
Ending age
Imperial Age
RankedLock teamsTeams togetherTeam positionsShared explorationLock speedFull tech treeHidden civsTurbo modeCheats
Victory
Defeat
🇵🇪 Koreans · Peru
1147
+14
🇨🇦 Koreans · Canada
1105
-14
M@nqu!to
7:27 Loom
10:06 Feudal Age
15:50 Fletching
23:21 Castle Age
24:34 Crossbowman
25:11 Bodkin Arrow
25:16 Double-Bit Axe
26:51 Light Cavalry
28:00 Scale Barding Armor
thebeasknees604
10:24 Feudal Age
11:12 Loom
17:51 Castle Age
22:20 Fletching
Connection lost

Rejoining the realm…

Still unreachable

The connection could not be restored.

Session expired

The server has moved on; the page needs a fresh start.